 Dungeon Crawl Stone Soup version 0.32-a0-38-gb04dd89b9b (webtiles) character file.

Game seed: 16537987992507957628

225 mightbedylan the Firebug (level 5, -9/40 HPs)
             Began as a Draconian Fire Elementalist on Jan 23, 2024.
             Mangled by an ogre
             ... wielding a +0 giant spiked club
              (20 damage)
             ... on level 3 of the Dungeon.
             The game lasted 00:14:34 (3040 turns).

mightbedylan the Firebug (DrFE)                     Turns: 3040, Time: 00:14:35

Health: -9/40      AC:  5    Str: 10    XL:     5   Next: 68%
Magic:  8/8        EV: 12    Int: 18    God:
Gold:   63         SH:  0    Dex: 11    Spells: 6/9 levels left

rFire   + . .        d - staff of fire
rCold   . . .        (no shield)
rNeg    . . .        (body armour unavailable)
rPois   .            (helmet restricted)
rElec   .            (no cloak)
rCorr   .            (no gloves)
SInv    .            (no boots)
Will    .....        (no amulet)
Stlth   ++           m - ring of flight
HPRegen 0.26/turn    (no ring)
MPRegen 0.11/turn

%: no passive effects
@: mighty, flying
A: AC +5, unfitting armour, cold-blooded
a: no special abilities


You were on level 3 of the Dungeon.
You visited 1 branch of the dungeon, and saw 3 of its levels.

You collected 63 gold pieces.

Inventory:

Hand Weapons
 q - the +6 mace of Layfauc {holy, *Rage Int+5}
   (You found it on level 2 of the Dungeon)

   Int+5:     It affects your intelligence (+5).
   *Rage:     It berserks you when you make melee attacks (+20% chance).
Armour
 r - a +0 robe
Magical Staves
 d - a staff of fire (weapon)
Jewellery
 m - a ring of flight (left hand)
Scrolls
 b - 2 scrolls of vulnerability {unknown}
 c - 7 scrolls of identify {unknown}
 e - 2 scrolls of immolation {unknown}
 f - a scroll of amnesia {unknown}
 g - a scroll of poison {unknown}
 h - 3 scrolls of teleportation {unknown}
 j - a scroll of revelation {unknown}
 k - a scroll of torment {unknown}
 n - a scroll of blinking {unknown}
 p - a scroll of acquirement {unknown}
 s - a scroll of silence {unknown}
Potions
 i - a potion of curing
 l - a potion of heal wounds {unknown}
 o - 2 potions of mutation {unknown}


   Skills:
 + Level 1.2 Fighting
 + Level 1.3 Staves
 + Level 2.4 Dodging
 + Level 2.5 Stealth
 + Level 2.5 Spellcasting
 + Level 2.0 Conjurations
 + Level 0.0 Translocations
 * Level 4.0 Fire Magic
 * Level 2.2 Evocations


You had 6 spell levels left.
You knew the following spells:

 Your Spells              Type           Power      Damage    Failure   Level
a - Foxfire               Conj/Fire      76%        2x1d7     4%          1
b - Scorch                Fire           50%        2d7       4%          2

Your spell library contained the following spells:

 Spells                   Type           Power      Damage    Failure   Level
 Momentum Strike          Conj/Tloc      10%        3d8       17%         2
 Inner Flame              Hex/Fire       14%        N/A       22%         3
 Volatile Blastmotes      Fire/Tloc      28%        2d12      22%         3
 Blink                    Tloc           4%         N/A       26%         2
 Lesser Beckoning         Tloc           4%         N/A       26%         2
 Flame Wave               Conj/Fire      19%        2d7       45%         4


Dungeon Overview and Level Annotations

Branches:
Dungeon (3/15)

Altars:

Shops:
D:2 [


Innate Abilities, Weirdness & Mutations

Your plain brown scales are hard. (AC +5)
You cannot fit into any form of body armour.
You are cold-blooded and may be slowed by cold attacks.


Message History

The foxfire hits the jackal!
You kill the jackal!
Your magical contamination has completely faded away.
Okay, then.
Okay, then.
You now have 63 gold pieces (gained 2).
Items here: ) †††.
The gnoll shouts!
You hear a shout!
The orc shouts!
You hear a shout!
a - a bubbling puce potion
Found a leather armour.
Found a battleaxe.
You reach down and open the large door.
There is a large open door here.
There is a dry fountain here.
You reach down and open the large door.
There is a large open door here.
There is a large open door here.
There is a large open door here.
Found a battleaxe.
An ogre comes into view. It is wielding a +0 giant spiked club.
The ogre moves out of view.
An ogre is nearby!
It was a potion of curing.
You feel better.
A gnoll comes into view. It is wielding a +0 whip.
It was a potion of might.
You feel very mighty all of a sudden.
A gnoll comes into view.
It is wielding a +0 spear. 2 orcs come into view.
The ogre hits you with a +0 giant spiked club!!
Ouch! That really hurt!
The orc shouts!
The gnoll shouts!
The orc shouts!
You hit the ogre!
The ogre is heavily wounded.
You hear a shout!
The gnoll hits you with a +0 whip!
* * * LOW HITPOINT WARNING * * *
The ogre hits you with a +0 giant spiked club!!
Ouch! That really hurt!
You die...

##..####.#######.#####.#.....##..
....# #.##.......# #.#.....###.
#......#.##.......# #.#.....# #.
#......#.##...)...####.#.....# #.
#......#.#######.......##)##.# #.
#........ #.##.......v..# #.
#........# #.##.##.##.##.# #.
#........# #.##....##.##.# #.
#........# ###@##)##.##.##.###. .
......gOg....<.......... .
..o...........[......... ≈
~~~....~≈~~~~~~~≈~≈≈~~~~ ≈
≈≈~....~≈≈~≈≈≈≈≈≈≈≈≈~≈≈≈ ≈
~~~....~~~≈~go~≈~~≈#####
...................#..:#
###''''#############...# #'###


You could see an ogre, 3 gnolls and 2 orcs.

Vanquished Creatures
  3 howler monkeys (D:3)
  3 gnolls (D:3)
  An adder (D:2)
  A ribbon worm (D:2)
  An orc (D:3)
  5 endoplasms
  2 giant cockroaches
  3 goblins (D:2)
  4 hobgoblins
  17 jackals
  4 quokkas
  6 ball pythons
  3 bats
  A frilled lizard (D:1)
  2 kobolds
  4 rats
60 creatures vanquished.

Vanquished Creatures (collateral kills)
  A foxfire (D:2)
1 creature vanquished.

Vanquished Creatures (others)
  114 foxfires
114 creatures vanquished.

Grand Total: 175 creatures vanquished

Notes
Turn   | Place    | Note
-------+----------+-------------------------------------------
     0 | D:1      | mightbedylan the Draconian Fire Elementalist began the
                  | quest for the Orb.
     0 | D:1      | Reached XP level 1. HP: 14/14 MP: 3/3
   510 | D:1      | Reached XP level 2. HP: 17/20 MP: 5/5
  1234 | D:2      | Reached skill level 1 in Evocations
  1244 | D:2      | Reached XP level 3. HP: 10/26 MP: 0/6
  1422 | D:2      | Found Muon's Antique Armour Shoppe.
  1615 | D:2      | Found a faded altar of an unknown god.
  1807 | D:2      | Identified the +6 mace of Layfauc {holy, *Rage Int+5}
  2058 | D:3      | Learned a level 2 spell: Scorch
  2285 | D:3      | Reached XP level 4. HP: 26/33 MP: 3/7
  2773 | D:3      | Reached skill level 1 in Staves
  2785 | D:3      | Reached skill level 1 in Fighting
  2785 | D:3      | Reached XP level 5. HP: 40/40 MP: 8/8
  2790 | D:3      | Reached skill level 4 in Fire Magic
  3033 | D:3      | Noticed an ogre
  3040 | D:3      | Mangled by an ogre

Illustrated notes

Levels and vault maps discovered:
D:1:      sevenhm_arrival_forest_fort_small_3, layout_basic
D:2:      layout_basic, serial_shops, shop, ebering_ecumenical_altar_petrified
D:3:      lemuel_castle_with_subvaults [lemuel_castle_interior_carwin_1],
          layout_basic, kennysheep_generic_room_3

Skill      XL: |  1  2  3  4  5 |
---------------+----------------+-----
Stealth        | 2 |  2.5
Evocations     | 1 2 |  2.2
Dodging        | 2 |  2.4
Staves         | 1 |  1.3
Fighting       | 1 |  1.2
Conjurations   | 2 |  2.0
Fire Magic     | 4 |  4.0
Spellcasting   | |  2.5

Action                     |  1- 3 |  4- 6 || total
---------------------------+-------+-------++-------
  Melee: Staff             |    37 |    10 ||    47
         Tailslap          |     3 |     1 ||     4
   Cast: Foxfire           |    50 |    21 ||    71
    Use: Potion            |       |     3 ||     3
   Stab: Sleeping          |       |     1 ||     1
 Armour: Skin              |    52 |    11 ||    63
  Dodge: Dodged            |    62 |     9 ||    71

Table legend: (Time is in decaauts)
 A = Elapsed time spent in this place.
 B = Non-inter-level travel time spent in this place.
 C = Inter-level travel time spent in this place.
 D = Time resting spent in this place.
 E = Time spent auto-exploring this place.
 F = Levels seen in this place.
 G = Mean time per level.
                   A        B        C        D        E       F      G
               +--------+--------+--------+--------+--------+-----+--------+
         Total |   3049 |   2938 |    111 |    142 |   2272 |   3 | 1016.3 |
       Dungeon |   3049 |   2938 |    111 |    142 |   2272 |   3 | 1016.3 |
               +--------+--------+--------+--------+--------+-----+--------+

Top non-repeatable levels by time:
     D:2: 1111 daAuts
     D:1: 996 daAuts
     D:3: 941 daAuts
